Map: Automaton LE

Players

chicho

  • Race: Terran Terran
  • League: Diamond
  • Spawn Location: 3:00

Nordy - Winner!

  • Race: Zerg Zerg
  • League: Diamond
  • Spawn Location: 9:00

VOD

Have the link to the VOD?

Description

Time

  • Played on: Nov. 21, 2018, 12:45 a.m.
  • Length: 11:54
Show
View Real Time Build Order
Export as new Build Order

chicho Terran 

Build Orders: Mech 

Get SALT Encoding   

  12  0:01  SCV  
  13  0:14  SCV  
  14  0:21  Supply Depot  
  14  0:27  SCV  
  15  0:30  Refinery  
  15  0:43  SCV  
  15  0:49  Barracks  
  16  0:55  SCV  
  17  1:07  SCV  
  18  1:25  SCV, Engineering Bay  
  19  1:37  SCV  
  20  1:40  Factory  
  20  1:55  Orbital Command  
  20  2:02  Supply Depot  
  20  2:03  Barracks Reactor  
  20  2:22  SCV  
  21  2:33  Command Center  
  21  2:34  SCV  
  22  2:44  Refinery  
  22  2:46  SCV  
  23  2:56  Hellion x2, Supply Depot  
  27  3:02  Armory  
  27  3:05  SCV  
  28  3:13  Factory  
  28  3:19  Hellion  
  30  3:25  Hellion  
  32  3:29  Barracks Tech Lab  
  32  3:31  SCV  
  33  3:43  Factory  
  33  3:57  Supply Depot  
  33  4:06  SCV  
  34  4:11  Refinery, Hellbat x2  
  34  4:17  Siege Tank  
  41  4:19  SCV  
  43  4:26  Orbital Command  
  42  4:33  Factory Tech Lab  
  42  4:44  Supply Depot  
  42  4:46  SCV  
  43  4:53  Refinery, SCV  
  43  4:58  Siege Tank, SCV  
  48  5:05  Siege Tank  
  51  5:11  Hellbat  
  53  5:15  Hellbat  
  53  5:20  Supply Depot  
  55  5:21  SCV  
  55  5:24  SCV  
  57  5:33  SCV  
  57  5:35  Hellbat x2  
  62  5:37  Hellbat  
  64  5:46  Infernal Pre-Igniter  
  64  5:48  Terran Vehicle Weapons Level 1  
  64  5:51  SCV x2  
  66  6:03  SCV  
  66  6:04  SCV  
  68  6:09  Hellbat x3  
  74  6:13  Siege Tank  
  77  6:21  Starport  
  77  6:25  SCV  
  77  6:32  Supply Depot  
  78  6:41  Supply Depot  
  78  6:48  Armory  
  78  6:52  Engineering Bay  
  78  6:54  SCV  
  79  6:56  SCV, Supply Depot  
  80  7:05  Drilling Claws  
  80  7:06  SCV, Thor  
  80  7:08  SCV  
  88  7:18  Thor  
  94  7:24  Viking  
  96  7:43  Terran Vehicle Weapons Level 2  
  96  7:47  Terran Vehicle And Ship Armor Level 1  
  96  7:48  Command Center  
  95  8:16  SCV x2  
  95  8:19  Missile Turret  
  97  8:21  Missile Turret  
  97  8:22  Missile Turret  
  97  8:25  Missile Turret  
  97  8:28  SCV  
  97  8:29  Missile Turret  
  97  8:30  Missile Turret  
  98  9:01  Widow Mine x4  
  82  9:22  Widow Mine  
  82  9:23  Widow Mine x3  
  72  9:30  Refinery  
  60  9:33  SCV x2  
  62  9:44  Widow Mine x4  
  62  9:45  SCV x2  
  72  9:46  Command Center  
  72  9:57  Starport, Refinery, SCV x2  
  72  9:58  Starport  
  74  10:00  Starport  
  71  10:10  Widow Mine x3  
  71  10:11  Widow Mine  
  77  10:31  Widow Mine  
  77  10:32  Widow Mine  
  58  10:49  Widow Mine x2  
  52  10:53  Widow Mine x2  
  52  10:54  Starport Tech Lab x3  
  52  10:55  Starport Tech Lab  
  51  11:10  Command Center  
  51  11:11  Command Center  
  50  11:15  Command Center  
Show
View Real Time Build Order
Export as new Build Order

Nordy Zerg - Winner!

Build Orders: Hatch First 

Get SALT Encoding   

  12  0:02  Drone  
  13  0:13  Overlord  
  13  0:19  Drone  
  14  0:31  Drone x2  
  14  0:35  Drone  
  17  0:55  Hatchery  
  16  0:57  Drone  
  16  1:01  Drone  
  18  1:04  Extractor  
  17  1:19  Spawning Pool  
  17  1:21  Drone  
  17  1:25  Drone  
  18  1:29  Drone  
  19  1:40  Drone  
  20  1:51  Overlord  
  20  2:07  Zergling x2  
  20  2:08  Zergling x2, Queen  
  24  2:09  Queen  
  26  2:16  Metabolic Boost  
  26  2:18  Zergling x2  
  27  2:23  Drone  
  27  2:26  Drone  
  27  2:29  Drone  
  30  2:35  Drone  
  31  2:42  Baneling Nest  
  30  2:44  Drone  
  30  2:46  Drone  
  32  3:08  Hatchery  
  32  3:09  Drone  
  32  3:10  Drone x2  
  34  3:21  Drone x2  
  34  3:22  Overlord  
  36  3:28  Overlord  
  36  3:39  Queen x2  
  40  3:47  Roach Warren  
  40  3:48  Drone  
  40  3:51  Drone  
  41  3:57  Zergling x6  
  44  4:08  Drone x4  
  44  4:09  Drone  
  49  4:19  Spine Crawler  
  49  4:22  Spine Crawler  
  47  4:30  Roach x4  
  57  4:38  Roach  
  57  4:39  Overlord x2  
  57  4:42  Drone  
  58  4:52  Baneling x6  
  58  4:53  Baneling x5  
  58  5:01  Roach  
  60  5:11  Drone  
  60  5:12  Overlord  
  60  5:13  Roach  
  64  5:14  Drone x4  
  64  5:15  Drone x3  
  64  5:17  Extractor  
  64  5:19  Extractor  
  68  5:24  Drone x4  
  72  5:36  Drone  
  72  5:37  Drone x5  
  78  5:43  Roach  
  78  5:44  Roach  
  78  5:48  Overlord  
  78  5:49  Overlord  
  82  5:51  Overlord  
  82  5:55  Lair  
  82  6:13  Drone x2  
  82  6:14  Drone x5  
  82  6:15  Hatchery  
  88  6:23  Roach  
  88  6:24  Roach x4  
  98  6:28  Zergling x2  
  98  6:29  Zergling x6  
  102  6:33  Overlord  
  102  6:34  Overlord  
  102  6:46  Zergling x8, Evolution Chamber  
  105  6:48  Evolution Chamber  
  105  6:53  Queen  
  106  7:05  Zergling x20  
  116  7:13  Hydralisk Den, Centrifical Hooks  
  115  7:17  Drone x3  
  115  7:18  Zerg Missile Weapons Level 1, Extractor  
  115  7:19  Zerg Ground Armor Level 1  
  115  7:21  Drone  
  115  7:22  Extractor  
  117  7:23  Extractor  
  117  7:26  Drone x2  
  117  7:28  Overlord x3  
  118  7:40  Drone x4  
  118  7:41  Drone x3  
  125  7:55  Hydralisk  
  125  7:56  Hydralisk x4  
  135  8:00  Baneling x6  
  135  8:01  Baneling x4  
  135  8:03  Drone  
  135  8:04  Drone x4  
  140  8:11  Grooved Spines  
  140  8:16  Zergling x2  
  140  8:17  Zergling x12  
  147  8:24  Hydralisk  
  147  8:25  Hydralisk  
  151  8:27  Baneling  
  151  8:28  Overlord, Baneling x7  
  151  8:29  Overlord  
  151  8:31  Drone  
  152  8:42  Baneling x9  
  152  8:43  Baneling  
  152  8:56  Hatchery  
  152  8:58  Hydralisk x5  
  152  9:00  Overlord x3  
  145  9:23  Muscular Augments, Zergling x2  
  145  9:24  Zergling x22  
  134  9:34  Zergling x2  
  134  9:35  Zergling x8  
  139  9:44  Zergling x4  
  139  9:45  Zergling x12  
  147  9:49  Baneling x3  
  147  9:50  Baneling x3  
  147  9:58  Zergling x4  
  147  9:59  Zergling x12  
  152  10:11  Baneling  
  152  10:12  Baneling x20  
  152  10:13  Hydralisk  
  152  10:14  Hydralisk x8  
  139  10:38  Zergling x14  
  139  10:39  Zergling x20  
  149  10:49  Hydralisk x6  
  152  11:07  Zergling x16  
  154  11:15  Overseer x3  
  154  11:16  Overseer  
  154  11:17  Overseer  
  154  11:19  Zergling x8  
  154  11:21  Baneling x15  
  154  11:22  Baneling x7  
Tags
 
Composition
Mech
Matchup
TvZ
Spawn Locations
Cross Positions
Add a new tag
Caveats
  • Supply blocks, unpowered buildings, or Contaminate may cause inaccurate times.
  • Supply counts are checked every 10 seconds.